 Dungeon Crawl Stone Soup version 0.18.1-48-g4cf74bf (webtiles) character file.

101 Alarkh the Shooter (level 4, -5/33 HPs)
             Began as a Mummy Hunter on Aug 14, 2016.
             Slain by a gnoll
             ... wielding a +0 halberd
              (11 damage)
             ... on level 2 of the Dungeon.
             The game lasted 00:02:16 (1312 turns).

Alarkh the Shooter (Mummy Hunter)                   Turns: 1312, Time: 00:02:17

Health: -5/33      AC:  4    Str: 15    XL:     4   Next: 48%
Magic:  4/4        EV: 11    Int: 11    God:
Gold:   72         SH:  0    Dex: 12    Spells: 0 memorised, 3 levels left

rFire  x . .     SeeInvis .     a - +1 shortbow
rCold  + . .     Gourm    .     c - +0 leather armour
rNeg   + + +     Faith    .     (shield currently unavailable)
rPois  ∞         Spirit   .     (no helmet)
rElec  .         Dismiss  .     e - +0 cloak
rCorr  .         Reflect  .     (no gloves)
SustAt .         Harm     .     (no boots)
MR     .....                    (no amulet)
Stlth  +.........               (no ring)
                                (no ring)

@: not resistant to hostile enchantments, very unstealthy
A: no food or potions, fire vulnerability, cold resistance 1, negative energy
resistance 3, torment resistance, unbreathing
a: no special abilities


You were on level 2 of the Dungeon.
You were not hungry.

You visited 1 branch of the dungeon, and saw 2 of its levels.

You collected 72 gold pieces.

Inventory:

Hand Weapons
 a - a +1 shortbow (weapon)
 b - a +0 short sword
 h - a +0 dagger of speed
Missiles
 d - 72 arrows (quivered)
Armour
 c - a +0 leather armour (worn)
 e - a +0 cloak (worn)
Scrolls
 f - a scroll of remove curse {unknown}
 g - a scroll of identify {unknown}


   Skills:
 - Level 2.0 Fighting
 + Level 4.9 Bows
 - Level 1.5 Dodging
 - Level 0.7 Stealth


You had 3 spell levels left.
You didn't know any spells.

Dungeon Overview and Level Annotations

Branches:
Dungeon (2/15)

Altars:


Innate Abilities, Weirdness & Mutations

You do not eat or drink.
Your flesh is vulnerable to fire.
You are immune to poison.
Your flesh is cold resistant.
You are immune to negative energy.
You are immune to unholy pain and torment.
You can survive without breathing.


Message History

Items here: ( )) † a club; a hunting sling; 20 stones; a goblin corpse The gnoll hits you from afar with a halberd.
* * * LOW HITPOINT WARNING * * *
You see here a bat corpse.
Firing (i - inventory):
d - 74 arrows (quivered)
Press: ? - help, Shift-Dir - straight line, f/p - gnoll
Aim: a gnoll, wielding a halberd (lightly wounded)
You shoot an arrow. The arrow hits the gnoll!
The gnoll is severely wounded.
Firing (i - inventory):
d - 73 arrows (quivered)
Press: ? - help, Shift-Dir - straight line, f/p - gnoll
Aim: a gnoll, wielding a halberd (severely wounded)
You shoot an arrow. The arrow barely misses the gnoll.
The gnoll hits you from afar with a halberd!
* * * LOW HITPOINT WARNING * * *
Items here: $ ( ) † a halberd; 8 gold pieces; 4 arrows; a gnoll corpse The gnoll hits you from afar with a halberd!
You die...

........# #.# #.#
#.# ........# #.#
#.# #.# ........#
#.# #.# #.#
.######## #.# #.#
#.# .# ######.# #.#
#.# .# #...##.# #.#
#.# .# #...##)#
#.#########.#
.#####...##.#
#.#..g....#.#
............#
#@#.#####.#.#
.#####...#######.#.#
#.#.#
)#####.........g.#.#
#.#.#
(....#...#########g#
#.#.#
.###.#.......g.....#
#.#.#
(..#.###############
#.#<# (..#.........#
#.### (..#.........#
#.# ...#.........#
#.#


You could see a gnoll.

Vanquished Creatures
  3 gnolls (D:2)
  2 adders (D:2)
  2 oozes (D:1)
  A dart slug (D:1)
  A giant gecko (D:1)
  2 ball pythons (D:1)
  2 giant cockroaches
  6 goblins
  7 hobgoblins
  3 kobolds
  4 bats
  7 giant newts
  6 rats
  A fungus (D:1)
47 creatures vanquished.

Notes
Turn   | Place    | Note
--------------------------------------------------------------
     0 | D:1      | Alarkh the Mummy Hunter began the quest for the Orb.
     0 | D:1      | Reached XP level 1. HP: 16/16 MP: 1/1
   217 | D:1      | Reached XP level 2. HP: 19/22 MP: 2/2
   352 | D:1      | Reached skill level 4 in Bows
   386 | D:1      | Reached XP level 3. HP: 21/27 MP: 3/3
  1092 | D:2      | Reached XP level 4. HP: 33/33 MP: 4/4
  1312 | D:2      | Slain by a gnoll

Skill      XL: |  1  2 |
---------------+-------+-----
Bows           | 4 |  4.9
Fighting       | |  2.0
Dodging        | |  1.5
Stealth        | |  0.7

Action                   |  1- 3 |  4- 6 || total
-------------------------+-------+-------++-------
Melee: Short sword       |    89 |       ||    89
 Fire: Shortbow          |    63 |    26 ||    89
Armor: Leather armour    |    41 |     2 ||    43
Dodge: Dodged            |    72 |     2 ||    74
